 Dungeon Crawl Stone Soup version 0.13.1-17-g0f9d4ff (webtiles) character file.

71532 Psiweapon the Fighter (level 15, -5/181 HPs)
             Began as a Gargoyle Fighter on Dec 10, 2013.
             Was a High Priest of Elyvilon.
             Slain by a white very ugly thing (17 damage)
             ... summoned by Kirke
             ... on Level 14 of the Dungeon on Dec 13, 2013.
             The game lasted 03:31:01 (27577 turns).

Psiweapon the Fighter (Gargoyle Fighter)           Turns: 27577, Time: 03:31:02

HP  -5/181       AC  0     Str 30      XL: 15   Next: 31%
MP  38/38        EV 15     Int  8      God: Elyvilon [*****.]
Gold 1677        SH  0     Dex 11      Spells:  0 memorised, 14 levels left

Res.Fire  : . . .   See Invis. : .   Y - melded +4 orc war axe (elec)
Res.Cold  : . . .   Warding    : .   f - melded +2 elf chain mail {rF+}
Life Prot.: + . .   Conserve   : .   E - melded +3 dwarf shield {reflect}
Res.Poison: +       Res.Corr.  : .   (helmet currently unavailable)
Res.Elec. : .       Clarity    : .   T - melded +0 cloak
Sust.Abil.: . .     Spirit.Shd : .   p - melded +0 pair of gloves
Res.Mut.  : .       Stasis     : .   c - melded +0 pair of boots
Res.Rott. : +       Flight     : +   m - amulet of faith
Saprovore : . . .                    G - melded ring of magical power
                                     H - melded ring of sustenance

@: pig-form, mighty, divinely vigorous, berserking, flying, slowed, very quick,
quite resistant to hostile enchantments, extremely unstealthy
A: (antennae 0), (large and strong wings), (fangs 0), (talons 0), blurry vision
1, magic resistance 1, mutation resistance 1, life protection 1, screaming 1,
(electricity resistance), slow metabolism 1, (unbreathing), petrification
resistance, AC +11, EV +2, Str -2, Dex +2
a: Stop Flying, Lesser Healing, Lesser Self-Healing, Divine Protection,
Purification, Greater Healing, Greater Self-Healing, Divine Vigour, Renounce
Religion


You were on level 14 of the Dungeon.
You worshipped Elyvilon.
Elyvilon was extremely pleased with you.
You were not hungry.
You were a filthy swine.
You visited 5 branches of the dungeon, and saw 29 of its levels.
You also visited: Labyrinth and Volcano.

You collected 2467 gold pieces.
You spent 810 gold pieces at shops.

Inventory:

Hand weapons
 O - a +0,+1 orcish flail of holy wrath
 V - a +0,+0 broad axe of chopping
 Y - a +4,+4 orcish war axe of electrocution (melded)
Armour
 c - a +0 pair of boots (melded)
 f - a +2 elven chain mail of fire resistance (melded)
 p - a +0 pair of gloves (melded)
 E - a +3 dwarven shield of reflection (melded)
 T - a +0 cloak (melded)
Magical devices
 a - a wand of confusion (12)
 b - a wand of fireball (2)
 k - a wand of cold (0)
 n - a wand of lightning (1)
 q - a wand of cold (4)
 s - a wand of disintegration (13)
 B - a wand of paralysis (7)
 J - a wand of fire (8)
 M - a wand of digging (4)
 P - a wand of fireball (0)
 X - a wand of flame (18)
Comestibles
 d - 12 bread rations
 r - 7 meat rations
Scrolls
 g - a scroll of immolation
 j - 4 scrolls of teleportation
 u - 2 scrolls of fog
 w - 2 scrolls of remove curse
 Q - 5 scrolls of blinking
 R - a scroll of brand weapon
 U - a scroll of magic mapping
 Z - 3 scrolls of fear
Jewellery
 e - an uncursed ring of ice
 h - an uncursed ring of positive energy {unknown}
 l - a +4 ring of dexterity
 m - an amulet of faith (around neck)
 v - an uncursed ring of see invisible
 y - an uncursed ring of teleport control
 G - a ring of magical power (melded)
 H - a ring of sustenance (melded)
 L - an uncursed ring of fire
 S - an uncursed amulet of stasis
Potions
 i - 3 potions of speed
 o - a potion of might
 t - 3 potions of magic
 x - a potion of restore abilities
 z - 6 potions of heal wounds
 F - 2 potions of cure mutation {unknown}
 K - 6 potions of curing
 N - a potion of berserk rage
 W - 2 potions of resistance
Miscellaneous
 C - a disc of storms
Rods
 D - a +8 rod of inaccuracy (12/12)
   (You found it in a labyrinth)
 I - a +5 rod of inaccuracy (13/13)
   (You acquired it on level 1 of the Lair of Beasts)


   Skills:
 + Level 14.9 Fighting
 - Level 10.0 Axes
 - Level 9.4 Maces & Flails
 - Level 12.8 Armour
 - Level 6.7 Shields
 + Level 14.3 Invocations
 + Level 7.4 Evocations


You had 14 spell levels left.
You didn't know any spells.

Dungeon Overview and Level Annotations

Branches:
Dungeon (15/27)            Temple (1/1) D:5             Orc (4/4) D:7
    Elf (0/3) Orc:3          Lair (8/8) D:12          Swamp (1/5) Lair:6
 Spider (0/5) Lair:4        Slime (0/6) Lair:7
 Vaults: D:15-20

Altars:
Ashenzari
Cheibriados
Elyvilon
Fedhas
Kikubaaqudgha
Makhleb
Nemelex Xobeh
Okawaru
Sif Muna
Trog
Vehumet
Xom
Yredelemnul
Zin
the Shining One
Beogh

Shops:
D:5 =   D:10 /?**!   D:11 !   Orc:4 *(+

Portals:
Hell: Lair:8
Trove: D:11 (give +6,+4 demon blade)

Annotations:
D:14 Kirke
Lair:6 exclusion: oklob plant
Lair:7 1 exclusion


Innate Abilities, Weirdness & Mutations

You are resistant to torment.
You are immune to poison.
You can fly continuously.
((Your stone body is very resilient (AC +11).))*
((Your wings are large and strong.))*
((You have very sharp teeth.))*
((You have razor-sharp toenails.))*
You resist negative energy.
((You are resistant to electric shocks.))*
You have a slow metabolism.
((You can survive without breathing.))*
You are immune to petrification.
((You have a pair of small antennae on your head.))*
You are surrounded by a mild repulsion field (EV +2).
You are agile. (Dex +2)
Your vision is a little blurry.
You are resistant to hostile enchantments.
You are somewhat resistant to further mutation.
You occasionally shout uncontrollably.
You are weak. (Str -2)


Message History

You bite Kirke!
Kirke is heavily wounded.
The white very ugly thing engulfs you.
* * * LOW HITPOINT WARNING * * *
The white very ugly thing freezes you!
One of your 2 potions of restore abilities freezes and shatters!
* * * LOW HITPOINT WARNING * * *
Kirke points at you and mumbles some strange words.
You resist.
You hit Kirke.
Kirke is heavily wounded.
The white very ugly thing completely misses you.
Kirke points at you and mumbles some strange words.
You resist.
You closely miss Kirke.
Kirke is heavily wounded.
The white very ugly thing engulfs you!
* * * LOW HITPOINT WARNING * * *
The white very ugly thing freezes you!
You die...

#...# #...# #...#
########...###
#............#
#...####...#.#
#...####...#.#######
#>u...............
#h####<##.....####
#@####.##.....#
#hu....##.....#
#u.######.....# #..#
#......# ########..#
#.###### #......%.)#
.. ###.####%##
#....%......h..


You could see Kirke, 2 very ugly things, a purple ugly thing and a hog.

Vanquished Creatures
  Rupert (D:14)
  Donald (Orc:4)
  Maud (D:14)
  Aizul (D:14)
  Gastronok (D:11)
  A minotaur (Lab)
  Fannar (Orc:2)
  Nessos (D:14)
  Erica (Orc:2)
  An ogre mage (Volcano)
  A death yak (Lair:6)
  5 plague shamblers
  Urug (Orc:4)
  Erolcha (D:11)
  3 skeletal warriors
  5 hill giants
  A deep troll (Orc:4)
  An ice statue (Lair:6)
  An orc knight (D:13)
  Joseph (Orc:3)
  2 cyclopes
  A wolf spider (D:12)
  An elephant (Lair:8)
  5 spiny frogs
  2 feature mimics
  2 queen ants
  Psyche (Orc:2)
  5 hellwings (Lair:8)
  2 hydra zombies (D:13)
  Grinder (D:6)
  3 minotaur zombies (Lab)
  3 komodo dragons
  8 trolls
  A polar bear (Lair:6)
  7 blink frogs
  2 two-headed ogres
  A hydra skeleton (D:10)
  A trapdoor spider zombie (D:12)
  6 slime creatures (D:13)
  4 trapdoor spiders (Lair:4)
  A wraith (D:12)
  A shadow (D:8)
  2 wyverns
  6 ugly things (D:14)
  A hill giant zombie (D:12)
  2 water elementals (D:14)
  13 yaks
  Grum (Orc:1)
  3 elephant slugs
  The ghost of kaisn the Insei, an average DsMo (D:4)
  9 vampire mosquitoes
  38 soldier ants
  A hungry ghost (D:8)
  A hill giant skeleton (D:13)
  3 wolves (Lair:6)
  2 manticores
  Menkaure (D:6)
  3 necrophages
  11 ice beasts
  12 orc warriors
  4 sky beasts
  5 phantoms
  17 ogres
  A boring beetle (Lair:8)
  6 centaurs
  3 crocodiles (Lair:8)
  4 giant slugs
  A big kobold (D:11)
  2 rotting devils (Lair:8)
  2 cyclops zombies (D:13)
  7 agate snails
  6 giant frogs
  2 jellyfish
  A cyclops skeleton (D:13)
  4 water moccasins
  A komodo dragon skeleton (D:8)
  2 troll zombies
  A yak zombie (D:11)
  A rock worm zombie (D:13)
  5 wights (D:10)
  A troll skeleton (D:8)
  A yak skeleton (D:14)
  A quasit (D:10)
  5 crimson imps
  13 jellies
  A two-headed ogre zombie (D:12)
  A goliath beetle (D:8)
  2 giant frog zombies
  A big fish (Lair:3)
  A giant frog skeleton (D:13)
  2 basilisk zombies
  2 hounds
  15 orc priests
  A basilisk skeleton (D:13)
  A scorpion (D:6)
  12 orc wizards
  62 worker ants
  8 sheep
  A killer bee zombie (D:7)
  Ijyb (D:6)
  A big kobold zombie (D:13)
  2 ogre zombies (D:11)
  An ogre skeleton (D:11)
  3 hound skeletons
  A worker ant zombie (D:11)
  12 green rats
  16 adders
  2 white imps (Lair:6)
  4 giant centipedes
  An inept feature mimic (D:7)
  2 giant mites
  7 worms
  2 giant eyeballs (D:9)
  4 giant geckos
  4 oozes
  53 orcs
  A ball python (D:2)
  7 giant cockroaches
  12 goblins
  9 hobgoblins
  13 jackals
  8 kobolds
  2 quokkas
  14 bats
  2 giant spores
  3 orc skeletons
  15 rats
  3 ballistomycetes
  A bush (Lair:5)
  5 fungi
  3 plants
620 creatures vanquished.

Vanquished Creatures (others)
  2 death yaks (Lair:6)
  A plague shambler (D:13)
  2 hill giants
  An orange demon (Lair:8)
  A smoke demon (Lair:8)
  A hellwing (Lair:8)
  A fire drake (Lair:8)
  A red devil (Lair:8)
  2 blink frogs (Lair:2)
  A giant leech (Lair:6)
  A troll (Orc:4)
  A two-headed ogre (Orc:4)
  A hippogriff (Lair:8)
  A yak (Lair:8)
  A vampire mosquito (D:14)
  5 ice beasts (Lair:6)
  2 ogres (Orc:4)
  2 giant goldfish
  A rotting devil (Lair:8)
  3 giant frogs
  A yak zombie (D:10)
  3 jellyfish
  A crimson imp (D:10)
  An iguana (Lair:2)
  4 orc wizards
  2 orange rats (Lair:5)
  4 worker ants (Lair:5)
  An adder (Lair:8)
  A giant centipede (D:13)
  34 orcs
  3 bats
  A giant cockroach (D:8)
  2 goblins
  2 hobgoblins
  4 jackals
  3 kobolds (D:11)
  A fungus (Orc:4)
99 creatures vanquished.

Grand Total: 719 creatures vanquished

Notes
Turn   | Place    | Note
--------------------------------------------------------------
     0 | D:1      | Psiweapon, the Gargoyle Fighter, began the quest for the Orb.
     0 | D:1      | Reached XP level 1. HP: 14/14 MP: 0/0
   326 | D:1      | Reached XP level 2. HP: 19/19 MP: 1/1
   750 | D:2      | Reached XP level 3. HP: 21/24 MP: 2/2
   969 | D:2      | Reached XP level 4. HP: 28/28 MP: 3/3
  1011 | D:2      | Reached skill level 4 in Fighting
  1331 | D:3      | Found a bloodstained altar of Trog.
  1464 | D:3      | Reached XP level 5. HP: 10/33 MP: 4/4
  1821 | D:3      | Found an ancient bone altar of Kikubaaqudgha.
  2069 | D:3      | Found a glowing silver altar of Zin.
  2156 | D:4      | Noticed a phantom
  2183 | D:4      | Killed a phantom
  2183 | D:4      | Reached XP level 6. HP: 29/39 MP: 5/5
  2438 | D:4      | Noticed kaisn's ghost (average DsMo)
  2490 | D:4      | Killed kaisn's ghost
  2490 | D:4      | Reached skill level 5 in Fighting
  2728 | D:4      | Found a radiant altar of Vehumet.
  2770 | D:4      | Reached skill level 5 in Armour
  2770 | D:4      | Reached skill level 5 in Shields
  2770 | D:4      | Reached XP level 7. HP: 44/44 MP: 6/6
  2988 | D:5      | Entered Level 5 of the Dungeon
  3030 | D:5      | Reached skill level 5 in Maces & Flails
  3043 | D:5      | Gained mutation: You are resistant to hostile enchantments. [potion of mutation]
  3043 | D:5      | Gained mutation: You occasionally shout uncontrollably. [potion of mutation]
  3043 | D:5      | Gained mutation: You are weak. (Str -2) [potion of mutation]
  3045 | D:5      | Gained mutation: Your vision is a little blurry. [potion of mutation]
  3045 | D:5      | Gained mutation: You have a pair of small antennae on your head. [potion of mutation]
  3045 | D:5      | Gained mutation: You digest meat inefficiently. [potion of mutation]
  3427 | D:5      | Found Lafann's Jewellery Shoppe.
  3476 | D:5      | Found a staircase to the Ecumenical Temple.
  3484 | Temple   | Entered the Ecumenical Temple
  3673 | Temple   | Became a worshipper of Elyvilon the Healer
  3675 | Temple   | Acquired Elyvilon's first power
  3827 | D:5      | Found a deep blue altar of Sif Muna.
  4171 | D:6      | Reached skill level 1 in Invocations
  4171 | D:6      | Reached XP level 8. HP: 43/49 MP: 7/8
  4218 | D:6      | Noticed Ijyb
  4227 | D:6      | Killed Ijyb
  4323 | D:6      | Reached skill level 6 in Fighting
  4597 | D:6      | Noticed Menkaure
  4609 | D:6      | Killed Menkaure
  4745 | D:6      | Noticed Grinder
  4797 | D:6      | Killed Grinder
  5367 | D:7      | Reached XP level 9. HP: 53/55 MP: 10/13
  5407 | D:7      | Found a burning altar of Makhleb.
  5494 | D:7      | Reached skill level 7 in Fighting
  5577 | D:7      | Found a sparkling altar of Nemelex Xobeh.
  5703 | D:7      | Found a staircase to the Ecumenical Temple.
  5721 | D:7      | the staircase to the Ecumenical Temple was a mimic.
  5830 | D:7      | Found a staircase to the Orcish Mines.
  6151 | D:7      | Reached skill level 5 in Invocations
  6302 | D:8      | Found an ancient bone altar of Kikubaaqudgha.
  6506 | D:8      | Reached skill level 8 in Fighting
  6741 | D:8      | Reached XP level 10. HP: 62/62 MP: 14/18
  7903 | D:10     | Entered Level 10 of the Dungeon
  7925 | D:10     | Found Susalaz's Assorted Antiques.
  7930 | D:10     | Bought a white potion for 25 gold pieces
  7930 | D:10     | Bought a scroll labeled YKLOMUNAORPH for 28 gold pieces
  7930 | D:10     | Bought a scroll of identify for 56 gold pieces
  7930 | D:10     | Bought a metallic blue potion {tried by monster} for 25 gold pieces
  7946 | D:10     | Found Oxefaud's Assorted Antiques.
  8047 | D:10     | Acquired Elyvilon's second power
  8069 | D:11     | Noticed Erolcha
  8088 | D:10     | Bought a bubbling black potion {tried by monster} for 29 gold pieces
  8088 | D:10     | Bought a scroll of identify for 66 gold pieces
  8219 | D:10     | Reached skill level 9 in Fighting
  8220 | D:10     | Found Buejucih's Distillery.
  8260 | D:10     | Bought a potion of heal wounds for 36 gold pieces
  8260 | D:10     | Bought a potion of heal wounds for 36 gold pieces
  8260 | D:10     | Bought a potion of curing for 24 gold pieces
  8260 | D:10     | Bought a potion of confusion for 12 gold pieces
  8260 | D:10     | Bought a potion of curing for 24 gold pieces
  8439 | D:10     | Noticed a hill giant
  8444 | D:10     | HP: 3/63 [hill giant/giant spiked club (27)]
  8446 | D:10     | Elyvilon protects you from harm!
  8861 | Orc:1    | Entered Level 1 of the Orcish Mines
  9265 | Orc:1    | Noticed Grum
  9279 | Orc:1    | Killed Grum
  9652 | Orc:1    | Reached XP level 11. HP: 31/68 MP: 9/21
  9979 | Orc:2    | Acquired Elyvilon's third power
 10071 | Orc:2    | Noticed Fannar
 10090 | Orc:2    | Killed Fannar
 10362 | Orc:2    | Noticed Erica
 10398 | Orc:2    | Killed Erica
 10398 | Orc:2    | Reached skill level 10 in Armour
 10543 | Orc:2    | Noticed Psyche
 10557 | Orc:2    | Killed Psyche
 10557 | Orc:2    | Reached skill level 10 in Fighting
 10719 | Orc:3    | Noticed Joseph
 10741 | Orc:3    | Killed Joseph
 10978 | Orc:3    | Found a staircase to the Elven Halls.
 11381 | D:10     | Found Sooclot's Magic Scroll Boutique.
 11426 | D:10     | Bought 3 scrolls of blinking for 214 gold pieces
 11427 | D:10     | Bought a scroll of noise for 13 gold pieces
 11427 | D:10     | Bought a scroll of curse weapon for 26 gold pieces
 11427 | D:10     | Bought a scroll of curse jewellery for 26 gold pieces
 11447 | D:11     | Found a portal to a secret trove of treasure.
 11866 | D:11     | Found Twamnaiw's Distillery.
 11894 | D:11     | Bought a potion of degeneration for 36 gold pieces
 11898 | D:11     | Bought a potion of mutation for 54 gold pieces
 11898 | D:11     | Bought a potion of mutation for 54 gold pieces
 11899 | D:11     | Gained mutation: You are agile. (Dex +2) [potion of mutation]
 11899 | D:11     | Lost mutation: You digest meat inefficiently. [potion of mutation]
 11899 | D:11     | Gained mutation: You are surrounded by a mild repulsion field (EV +2). [potion of mutation]
 11900 | D:11     | Gained mutation: You are somewhat resistant to further mutation. [potion of mutation]
 11906 | D:11     | Noticed Gastronok
 11926 | D:11     | Killed Gastronok
 11926 | D:11     | Reached skill level 5 in Axes
 12228 | D:11     | Paralysed by it for 4 turns
 12244 | D:11     | Killed Erolcha
 12657 | D:12     | Reached XP level 12. HP: 76/76 MP: 17/24
 12732 | D:12     | Noticed a hill giant
 12737 | D:12     | Killed a hill giant
 12737 | D:12     | Reached skill level 11 in Armour
 13157 | D:10     | Found Froawod's Magical Wand Emporium.
 13400 | D:10     | Killed a hill giant
 13890 | D:8      | Found a roughly hewn altar of Beogh.
 14017 | D:10     | Bought a scroll of identify for 26 gold pieces
 14645 | Orc:4    | Entered Level 4 of the Orcish Mines
 14650 | Orc:4    | Noticed Donald
 14674 | Orc:4    | Killed Donald
 14674 | Orc:4    | Reached skill level 10 in Invocations
 14685 | Orc:4    | Noticed Urug
 14703 | Orc:4    | Killed Urug
 15451 | Orc:4    | Noticed an ogre mage
 15464 | Orc:4    | Pacified an ogre mage
 15489 | Orc:4    | Noticed an ettin
 15491 | Orc:4    | Pacified an ettin
 15808 | Orc:4    | Noticed an ogre mage
 15808 | Orc:4    | Pacified an ogre mage
 15862 | Orc:4    | Reached skill level 12 in Fighting
 15929 | Orc:4    | Reached XP level 13. HP: 45/82 MP: 18/26
 15940 | Orc:4    | Found Plog's Armour Shop.
 16118 | Orc:4    | Found Tuemiuh's General Store.
 16120 | Orc:4    | Plog's Armour Shop was a mimic.
 16131 | Orc:4    | Found Ysaschoiw's Weapon Boutique.
 16133 | Orc:4    | Found Kinwept's Book Boutique.
 16464 | D:7      | Killed a door mimic
 16617 | D:12     | Found a staircase to the Lair.
 16633 | Lair:1   | Entered Level 1 of the Lair of Beasts
 16655 | Lair:1   | Found a labyrinth entrance.
 16716 | Lab      | Entered a labyrinth
 17353 | Lab      | Noticed a minotaur
 17364 | Lab      | Killed a minotaur
 17370 | Lab      | Got a heavily runed bronze ring
 17392 | Lab      | Identified a +5 rod of inaccuracy (9/9) (You found it in a labyrinth)
 17855 | Lair:1   | Found a dark tunnel.
 17878 | Volcano  | Entered a volcano
 18590 | Lair:2   | Acquired Elyvilon's fourth power
 18873 | Lair:2   | Reached skill level 10 in Axes
 20012 | Lair:3   | Reached skill level 13 in Fighting
 20023 | Lair:3   | Reached skill level 1 in Evocations
 20584 | Lair:4   | Found a hole to the Spider Nest.
 21008 | Lair:5   | Gained mutation: Your wings are large and strong. [gargoyle growth]
 21008 | Lair:5   | Reached XP level 14. HP: 89/89 MP: 28/28
 21355 | Lair:5   | Found a glowing golden altar of the Shining One.
 21928 | Lair:6   | Found a staircase to the Swamp.
 21979 | Swamp:1  | Entered Level 1 of the Swamp
 21998 | Lair:6   | Was placed under penance by Elyvilon
 22161 | Lair:6   | Was forgiven by Elyvilon
 22478 | Lair:6   | Upgraded the game from 0.13.1-2-gfb2c2b7 to 0.13.1-17-g0f9d4ff
 22950 | Lair:7   | Found a staircase to the Slime Pits.
 23024 | Lair:7   | Identified the ring "Pyduam" {-Tele EV+2} (You found it in a labyrinth)
 23719 | Lair:8   | Entered Level 8 of the Lair of Beasts
 24916 | Lair:8   | Reached skill level 5 in Evocations
 25011 | Lair:8   | Found a burning altar of Makhleb.
 25016 | Lair:8   | Reached skill level 14 in Fighting
 25042 | Lair:8   | Found a gateway to Hell.
 25867 | D:13     | Noticed a plague shambler
 25884 | D:13     | Killed a plague shambler
 25959 | D:13     | Noticed a plague shambler
 25959 | D:13     | Noticed a plague shambler
 25977 | D:13     | Killed a plague shambler
 25982 | D:12     | Killed a plague shambler
 26048 | D:13     | Noticed a plague shambler
 26115 | Lair:1   | Identified a scroll of acquirement
 26119 | Lair:1   | Identified a +5 rod of inaccuracy (13/13) (You acquired it on level 1 of the Lair of Beasts)
 26201 | D:13     | Killed a plague shambler
 26230 | D:13     | Reached XP level 15. HP: 85/97 MP: 30/30
 26409 | D:13     | Killed a plague shambler
 26422 | D:14     | Entered Level 14 of the Dungeon
 26523 | D:14     | Noticed Maud
 26536 | D:14     | Killed Maud
 26673 | D:15     | Entered Level 15 of the Dungeon
 26734 | D:13     | Noticed a plague shambler
 26745 | D:13     | Killed a plague shambler
 26945 | D:14     | Noticed Nessos
 26958 | D:14     | Killed Nessos
 27104 | D:14     | Noticed Aizul
 27143 | D:14     | Killed Aizul
 27248 | D:14     | Noticed Rupert
 27272 | D:14     | Killed Rupert
 27277 | D:14     | Noticed Kirke
 27577 | D:14     | Slain by a white very ugly thing

Action                   |  1- 3 |  4- 6 |  7- 9 | 10-12 | 13-15 || total
-------------------------+-------+-------+-------+-------+-------++-------
Melee: Mace              |    78 |   161 |   230 |       |       ||   469
       Flail             |       |       |   199 |   228 |     4 ||   431
       Short sword       |       |       |       |    10 |       ||    10
       War axe           |       |       |       |   370 |   872 ||  1242
       Broad axe         |       |       |       |     9 |       ||     9
       Rod               |       |       |       |       |     4 ||     4
       Unarmed           |       |       |       |       |    20 ||    20
Invok: Lesser Healing    |       |       |    74 |   256 |   241 ||   571
       Lesser Self-Heali |       |       |     2 |     1 |       ||     3
       Divine Protection |       |       |       |     1 |       ||     1
       Greater Healing   |       |       |       |    41 |    46 ||    87
       Greater Self-Heal |       |       |       |     1 |     9 ||    10
       Purification      |       |       |       |     1 |     1 ||     2
       Divine Vigour     |       |       |       |       |     1 ||     1
 Abil: Evoke Flight      |       |       |       |       |     2 ||     2
       Fly               |       |       |       |       |     1 ||     1
Evoke: Wand              |       |     3 |     3 |    26 |    27 ||    59
       Rod               |       |       |       |       |    38 ||    38
       Miscellaneous     |       |       |       |       |     9 ||     9
  Use: Scroll            |       |       |     6 |    19 |    22 ||    47
       Potion            |       |       |     2 |     5 |     7 ||    14
 Stab: Distracted        |       |       |       |       |     1 ||     1
       Confused          |       |       |       |       |     1 ||     1
       Paralysed         |       |       |       |       |     1 ||     1
